 Dungeon Crawl Stone Soup version 0.26.1-11-gd32895ea62 (webtiles) character file.

Game seed: 8208194060375924790

1823 bnorton916 the Shield-Bearer (level 9, -4/71 HPs)
             Began as a Formicid Fighter on June 11, 2021.
             Was a Priest of Qazlal.
             Killed from afar by an electric eel (8 damage)
             ... with a bolt of electricity
             ... on level 6 of the Dungeon.
             The game lasted 00:09:55 (6088 turns).

bnorton916 the Shield-Bearer (Formicid Fighter)     Turns: 6088, Time: 00:09:55

Health: -4/71      AC:  9    Str: 24    XL:     9   Next: 32%
Magic:  20/20      EV:  9    Int:  8    God:    Qazlal [***...]
Gold:   307        SH: 15    Dex: 10    Spells: 8/8 levels left

rFire    + . .     SeeInvis +   v - +3 hand axe (vorpal)
rCold    + . .     Faith    .   c - +0 kite shield
rNeg     . . .     Spirit   .   b - +0 scale mail
rPois    .         Reflect  .   (helmet unavailable)
rElec    .         Harm     .   C - scarf {rC+ rF+}
rCorr    +         Rampage  .   g - +0 pair of gloves
Will     .....                  (no boots)
Stlth    ..........             (no amulet)
HPRegen  0.21/turn              r - ring of resist corrosion (curse)
MPRegen  0.17/turn              E - ring of magical power

@: no status effects
A: permanent stasis, dig shafts and tunnels, four strong arms, antennae 3
a: Dig, Shaft Self, Renounce Religion, Upheaval, Elemental Force


You were on level 6 of the Dungeon.
You worshipped Qazlal.
Qazlal was most pleased with you.
You visited 1 branch of the dungeon, and saw 6 of its levels.
You also visited: Sewer.

You collected 307 gold pieces.

Inventory:

Hand Weapons
 a - a +0 war axe
 t - a +2 morningstar of protection
 v - a +3 vorpal hand axe (weapon)
 B - a +2 short sword of electrocution
 I - a +2 long sword of electrocution
Missiles
 h - 3 silver javelins
 u - 2 javelins
Armour
 b - a +0 scale mail (worn)
 c - a +0 kite shield (worn)
 g - a +0 pair of gloves (worn)
 x - a +0 cloak
 C - a scarf of resistance (worn)
Jewellery
 r - a cursed ring of resist corrosion (left hand)
 E - a ring of magical power (right hand)
Wands
 k - a wand of digging (4)
 m - a wand of paralysis (17)
 D - a wand of iceblast (7)
Scrolls
 l - 5 scrolls of remove curse
 o - 2 scrolls of enchant weapon
 q - a scroll of blinking
 y - a scroll of fog
 F - 2 scrolls of magic mapping
 H - a scroll of immolation
Potions
 d - 2 potions of might
 e - a potion of magic {unknown}
 f - a potion of lignification {unknown}
 i - 4 potions of degeneration {unknown}
 j - 3 potions of curing
 n - 3 potions of heal wounds {unknown}
 p - 3 potions of haste
 s - a potion of mutation {unknown}
 w - a potion of attraction {unknown}
 z - a potion of resistance {unknown}
 A - 2 potions of flight {unknown}
 G - a potion of brilliance {unknown}


   Skills:
 + Level 6.9 Fighting
 + Level 5.8 Axes
 + Level 6.8 Armour
 + Level 7.6 Shields
 + Level 3.1 Invocations


You had 8 spell levels left.
You didn't know any spells.
Your spell library contained the following spells:

 Spells                   Type           Power        Failure   Level
 Animate Skeleton         Necr           0%           78%         1
 Apportation              Tloc           0%           78%         1
 Corona                   Hex            0%           78%         1
 Summon Small Mammal      Summ           0%           78%         1


Dungeon Overview and Level Annotations

Branches:
Dungeon (6/15)             Temple (0/1) D:5           Sewer (visited)

Altars:
Ashenzari
Dithmenos
Fedhas
Kikubaaqudgha
Makhleb
Qazlal
Ru
Trog
Xom


Innate Abilities, Weirdness & Mutations

You cannot be hasted, slowed, berserked, paralysed or teleported.
You can dig through walls and to a lower floor.
Your four strong arms can wield two-handed weapons with a shield.
You have a pair of large antennae on your head. (SInv)


Message History

Moving in this stuff is going to be slow.
The electric eel shoots out a bolt of lightning at you!
The bolt of electricity hits you.
Your unstable footing causes you to fumble your attack.
The electric eel shoots out a bolt of lightning at you!
The bolt of electricity hits you.
* * * LOW HITPOINT WARNING * * *
Your unstable footing causes you to fumble your attack.
You hit the electric eel.
The electric eel is moderately wounded.
The electric eel shoots out a bolt of lightning at you!
The bolt of electricity hits you.
* * * LOW HITPOINT WARNING * * *
You completely miss the electric eel.
The electric eel is moderately wounded.
The electric eel shoots out a bolt of lightning at you!
The bolt of electricity hits you!
* * * LOW HITPOINT WARNING * * *
The bolt of electricity hits you!
You die...

≈.. #....... ≈≈ ≈≈...#....... ≈≈#
#≈≈...#....... ≈≈≈#
#≈≈≈...#....... ≈≈≈≈#
##≈≈≈≈..♣#.......
.≈≈≈≈###≈≈≈≈...##.......
..≈≈≈≈≈≈≈≈≈...##........
...≈≈≈≈≈;≈...##......... ####
#......@....####........
#..####....○.○..##...........
##....###♣.....♣####..##......
#.......###'''######...#......
###...).##........?..#...#......
##.......[#...#...........#......
#......................#.........
#..........#...........#...###...
.........####......#.......# #.##


You could see an electric eel.

Vanquished Creatures
  Sigmund (D:4)
  Duvessa (D:4)
  Purgy (Sewer)
  A sky beast (D:6)
  A black bear (D:6)
  A phantom (D:6)
  2 ogres (D:4)
  2 centaurs
  A bullfrog (D:5)
  Dowan (D:4)
  2 scorpions (D:5)
  A howler monkey (D:5)
  An electric eel (D:6)
  2 hounds (D:5)
  2 orc wizards (D:6)
  3 worker ants
  A killer bee zombie (D:5)
  2 hound zombies (D:6)
  A worker ant zombie (D:5)
  4 gnolls (D:2)
  4 river rats (D:5)
  12 adders
  A white imp (D:6)
  An ufetubus (D:5)
  An ooze (D:3)
  An adder zombie (D:6)
  3 worms
  4 leopard geckos
  18 orcs
  A ball python (Sewer)
  7 giant cockroaches
  7 goblins
  8 hobgoblins
  8 jackals (D:5)
  A quokka (D:6)
  8 bats
  12 frilled lizards
  8 kobolds
  A quokka skeleton (D:4)
  9 rats
146 creatures vanquished.

Notes
Turn   | Place    | Note
-------+----------+-------------------------------------------
     0 | D:1      | bnorton916 the Formicid Fighter began the quest for the
                  | Orb.
     0 | D:1      | Reached XP level 1. HP: 18/18 MP: 1/1
   216 | D:1      | Reached XP level 2. HP: 21/24 MP: 2/2
   757 | D:2      | Reached skill level 4 in Shields
   757 | D:2      | Reached XP level 3. HP: 30/30 MP: 3/3
   777 | D:2      | Found a sacrificial altar of Ru.
   779 | D:2      | Found a stormy altar of Qazlal.
   784 | D:2      | Found a broken altar of Ashenzari.
   802 | D:2      | Found a burning altar of Makhleb.
   802 | D:2      | Found an ancient bone altar of Kikubaaqudgha.
   806 | D:2      | Became a worshipper of Qazlal Stormbringer
   857 | D:2      | Reached XP level 4. HP: 28/37 MP: 4/4
  1046 | D:2      | Reached XP level 5. HP: 41/42 MP: 5/5
  1415 | D:3      | Reached * piety under Qazlal
  1899 | D:3      | Reached XP level 6. HP: 49/49 MP: 6/6
  2296 | D:4      | Noticed Duvessa
  2311 | D:4      | Killed Duvessa
  2312 | D:4      | Reached skill level 5 in Shields
  2814 | D:4      | Noticed an ogre
  2825 | D:4      | Killed an ogre
  2826 | D:4      | Reached XP level 7. HP: 55/55 MP: 7/7
  2958 | D:4      | Reached skill level 5 in Fighting
  2958 | D:4      | Reached skill level 5 in Armour
  3185 | D:4      | Reached ** piety under Qazlal
  3348 | D:4      | Noticed Dowan
  3364 | D:4      | Killed Dowan
  3445 | D:4      | Noticed Sigmund
  3508 | D:4      | Killed Sigmund
  3509 | D:4      | Reached skill level 6 in Shields
  3509 | D:4      | Reached XP level 8. HP: 63/63 MP: 8/8
  3577 | D:4      | Found a blossoming altar of Fedhas.
  3922 | D:5      | Entered Level 5 of the Dungeon
  3938 | D:5      | Found a glowing drain.
  3992 | Sewer    | Entered a sewer
  4095 | Sewer    | Noticed Purgy
  4109 | Sewer    | Killed Purgy
  4306 | D:5      | Reached skill level 5 in Axes
  4312 | D:5      | Reached *** piety under Qazlal
  4533 | D:5      | Found a bloodstained altar of Trog.
  4575 | D:5      | Found a shadowy altar of Dithmenos.
  4619 | D:5      | Found a staircase to the Ecumenical Temple.
  4711 | D:5      | Reached skill level 1 in Invocations
  5066 | D:6      | Reached skill level 7 in Shields
  5343 | D:6      | Reached XP level 9. HP: 71/71 MP: 10/10
  5736 | D:6      | Found a shimmering altar of Xom.
  6088 | D:6      | Killed from afar by an electric eel

Illustrated notes

Levels and vault maps discovered:
D:1:      amcnicky_arrival_blooded_trapdoor, layout_loops_ring
D:2:      layout_rooms, grunt_temple_overflow_open
D:3:      layout_basic, minmay_misc_feat_doors
D:4:      layout_cave_pods, fedhas_ov_isle_minmay, uniq_duvessa, uniq_sigmund
D:5:      layout_loops_cross, lemuel_doored_altar,
          minmay_temple_entry_antechambers, basic_altar, portal_sewer_entry_a
D:6:      layout_cave_pools, general_overflow_altar, kennysheep_donut,
          kennysheep_generic_room_12

Skill      XL: |  1  2  3  4  5  6  7  8  9 |
---------------+----------------------------+-----
Shields        | 4 5 6 7 |  7.6
Armour         | 4 5 6 |  6.8
Fighting       | 4 5 6 |  6.9
Axes           | 3 4 5 |  5.8
Invocations    | 1 3 |  3.1

Action                   |  1- 3 |  4- 6 |  7- 9 || total
-------------------------+-------+-------+-------++-------
Melee: War axe           |    70 |   127 |       ||   197
       Morningstar       |       |    16 |       ||    16
       Hand axe          |       |    26 |   253 ||   279
 Abil: Dig               |       |     4 |     4 ||     8
  Use: Scroll            |       |       |    10 ||    10
Armor: Scale mail        |    26 |    61 |    85 ||   172
Dodge: Dodged            |    12 |    56 |    78 ||   146
Block: Kite shield       |    34 |   106 |   172 ||   312
